 Dungeon Crawl Stone Soup version 0.18-a0-82-gaf82852 (webtiles) character file.

114 Rememberthe6billion the Ruffian (level 4, -4/28 HPs)
             Began as a Gargoyle Monk on Nov 13, 2015.
             Killed from afar by Ijyb (12 damage)
             ... with a wand of frost
             ... on level 2 of the Dungeon.
             The game lasted 00:03:14 (2320 turns).

Rememberthe6billion the Ruffian (Gargoyle Monk)     Turns: 2320, Time: 00:03:14

Health: -4/28      AC:  8    Str: 15    XL:     4   Next: 98%
Magic:  4/4        EV: 12    Int: 10    God:
Gold:   30         SH:  0    Dex: 13    Spells: 0 memorised, 3 levels left

rFire  . . .     SeeInvis .       - Unarmed
rCold  . . .     Clarity  .     a - +0 robe
rNeg   + . .     SustAt   .     (no shield)
rPois  ∞         Gourm    .     c - +2 helmet
rElec  +         Spirit   .     (no cloak)
rCorr  .         Warding  .     (no gloves)
rMut   .         Stasis   .     (no boots)
MR     .....                    h - amulet of regeneration
Stlth  ++........               (no ring)
                                (no ring)

@: not resistant to hostile enchantments, unstealthy
A: negative energy resistance 1, electricity resistance, unbreathing,
petrification resistance, rot immunity, AC +3
a: no special abilities


You were on level 2 of the Dungeon.
You were not hungry.

You visited 1 branch of the dungeon, and saw 2 of its levels.

You collected 30 gold pieces.


Innate Abilities, Weirdness & Mutations

You are resistant to torment.
Your stone body is resilient (AC +3).
You are immune to poison.
You resist negative energy.
You are resistant to electric shocks.
You can survive without breathing.
You are immune to petrification.
You are immune to rotting.


   Skills:
 - Level 3.2 Fighting
 - Level 2.4 Dodging
 - Level 2.1 Stealth
 + Level 6.1 Unarmed Combat


You had 3 spell levels left.
You didn't know any spells.

Inventory:

Armour
 a - a +0 robe (worn)
 c - a +2 helmet (worn)
Jewellery
 h - an amulet of regeneration (around neck)
Scrolls
 d - 2 scrolls of noise {unknown}
 f - a scroll of teleportation {unknown}
 k - a scroll of amnesia {unknown}
 l - a scroll of enchant armour {unknown}
Potions
 e - 2 potions of ambrosia {unknown}
 i - a potion of poison {unknown}
 j - a potion of beneficial mutation {unknown}
 m - a potion of flight {unknown}
Comestibles
 b - a bread ration
 g - 3 chunks of flesh

Dungeon Overview and Level Annotations

Branches:
Dungeon (2/15)

Altars:
Okawaru

Annotations:
D:1 MMM WATCHA SAY
D:2 Ijyb

▒.▒ ▒....▒.▒......
▒..▒.▒.▒.▒▒▒▒▒
▒............. ▒
▒▒▒....▒.▒▒▒▒▒
▒.▒▒▒▒▒▒.▒..▒......
.....▒.▒.........
▒...▒.▒..▒......
▒+▒▒▒▒▒▒...▒.▒.........
▒....g8....'..(<..(.)..
▒▒▒▒▒▒▒▒...▒▒▒▒▒)......
▒▒▒▒.........▒.▒
▒.▒.......▒.▒
▒......>..▒.▒
▒▒▒....▒..▒.▒
▒....▒..▒.+ ▒....▒..▒▒▒
▒....▒.....


You could see Ijyb.


Message History

You closely miss Ijyb. You hit Ijyb.
Ijyb is lightly wounded.
Ijyb closely misses you.
You barely miss Ijyb. You punch Ijyb!
Ijyb is heavily wounded.
Ijyb hits you but does no damage.
You hit Ijyb.
Ijyb is severely wounded.
You hit Ijyb but do no damage.
Ijyb is severely wounded.
Ijyb zaps a wand.
The puff of frost hits you!
* * * LOW HITPOINT WARNING * * *
You hit Ijyb but do no damage.
Ijyb is severely wounded.
Ijyb zaps a wand.
The puff of frost hits you!
You closely miss Ijyb.
Ijyb is severely wounded.
Ijyb hits you but does no damage.
You hit Ijyb.
Ijyb is almost dead.
You closely miss Ijyb.
Ijyb is almost dead.
Ijyb hits you but does no damage.
You hit Ijyb.
Ijyb is almost dead.
You barely miss Ijyb.
Ijyb is almost dead.
Ijyb zaps a wand.
The puff of frost hits you!
You die...

Action                   |  1- 3 |  4- 6 || total
-------------------------+-------+-------++-------
Melee: Unarmed           |   145 |    60 ||   205
 Stab: Sleeping          |     5 |     1 ||     6
       Distracted        |     3 |       ||     3
  Eat: Chunk             |     3 |     2 ||     5

Vault maps used:
D:1:      roderic_crossed_star
D:2:      okawaru_trees_2, minmay_door_square, tso_altar, uniq_iyjb, uniq_robin,
          uniq_terence

Notes
Turn   | Place    | Note
--------------------------------------------------------------
     0 | D:1      | Rememberthe6billion the Gargoyle Monk began the quest for the Orb.
     0 | D:1      | Reached XP level 1. HP: 14/14 MP: 1/1
   378 | D:1      | Reached XP level 2. HP: 19/19 MP: 2/2
  1221 | D:2      | Reached XP level 3. HP: 4/23 MP: 3/3
  1224 | D:2      | HP: 2/23 [giant cockroach (2)]
  1501 | D:2      | Noticed Robin
  1516 | D:1      | Reached skill level 5 in Unarmed Combat
  1829 | D:1      | Killed Robin
  1976 | D:2      | Reached XP level 4. HP: 28/28 MP: 4/4
  2049 | D:2      | Noticed Terence
  2065 | D:2      | Killed Terence
  2078 | D:2      | Found an iron altar of Okawaru.
  2094 | D:2      | Reached skill level 6 in Unarmed Combat
  2301 | D:2      | Noticed Ijyb
  2320 | D:2      | Killed from afar by Ijyb

Vanquished Creatures
  Terence (D:2)
  Robin (D:1)
  3 adders (D:2)
  2 worms (D:2)
  A giant gecko (D:1)
  4 giant cockroaches
  5 hobgoblins
  3 jackals (D:1)
  A bat (D:1)
  3 giant newts
  13 goblins
  4 kobolds
  A quokka (D:2)
  10 rats
52 creatures vanquished.
